 Dungeon Crawl Stone Soup version 0.31-a0-198-g2ad674f65e (webtiles) character file.

Game seed: 3991738680114186041

93 qw the Shooter (level 4, -1/25 HPs)
             Began as a Deep Elf Hunter on June 25, 2023.
             Slain by Ijyb
             ... wielding a +0 club
              (6 damage)
             ... on level 3 of the Dungeon.
             The game lasted 00:00:41 (1354 turns).

qw the Shooter (Deep Elf Hunter)                    Turns: 1354, Time: 00:00:42

Health: -1/25      AC:  6    Str: 10    XL:     4   Next: 37%
Magic:  6/6        EV: 11    Int: 14    God:
Gold:   66         SH:  0    Dex: 24    Spells: 3/3 levels left

rFire   + . .        Y - +0 shortbow
rCold   . . .        (shield currently unavailable)
rNeg    . . .        k - +0 ring mail
rPois   .            (no helmet)
rElec   .            (no cloak)
rCorr   .            (no gloves)
SInv    .            h - +0 pair of boots
Will    .....        (no amulet)
Stlth   ++           e - ring of protection from fire
HPRegen 0.24/turn    l - +6 ring of dexterity
MPRegen 0.10/turn

%: no passive effects
@: about to teleport
A: no striking features
a: no special abilities


You were on level 3 of the Dungeon.
You visited 1 branch of the dungeon, and saw 3 of its levels.

You collected 66 gold pieces.


   Skills:
 - Level 1.5 Fighting
 + Level 7.8 Ranged Weapons
 - Level 2.4 Dodging
 - Level 1.2 Stealth


You had 3 spell levels left.
You didn't know any spells.
Your spell library was empty.

Inventory:

Hand Weapons
 Y - a +0 shortbow (weapon)
Armour
 g - a +0 helmet
 h - a +0 pair of boots (worn)
 k - a +0 ring mail (worn)
Jewellery
 e - a ring of protection from fire (left hand)
 l - a +6 ring of dexterity (right hand)
Scrolls
 a - a scroll of silence {unknown}
 c - a scroll of identify {unknown}
Potions
 d - a potion of attraction {unknown}
 f - a potion of invisibility {unknown}
 i - a potion of heal wounds {unknown}

Dungeon Overview and Level Annotations

Branches:
Dungeon (3/15)

Altars:

Annotations:
D:3 Ijyb


Message History

You shoot an arrow. The arrow closely misses Ijyb.
Ijyb zaps a wand.
The puff of flame hits you but does no damage.
You resist.
You shoot an arrow. The arrow hits Ijyb but does no damage.
Ijyb hits you but does no damage.
You shoot an arrow. The arrow hits Ijyb.
Ijyb is lightly wounded.
Ijyb zaps a wand.
The puff of flame hits you. You resist.
You shoot an arrow. The arrow closely misses Ijyb.
Ijyb zaps a wand.
The puff of flame misses you.
You shoot an arrow. The arrow closely misses Ijyb.
Ijyb hits you but does no damage.
An orc wizard comes into view.
It is wielding a +2 dagger of electrocution.
You shoot an arrow. The arrow barely misses Ijyb.
The orc wizard shouts!
Ijyb hits you with a +0 club.
You shoot an arrow. The arrow closely misses Ijyb.
The orc wizard casts a spell at you. The magic dart hits you!
Ijyb hits you with a +0 club. x2
A hobgoblin comes into view.
You shoot an arrow. The arrow hits Ijyb.
Ijyb is moderately wounded.
Ijyb barely misses you.
You shoot an arrow. The arrow closely misses Ijyb.
The orc wizard gestures at you while chanting.
The magic dart hits you. Ijyb barely misses you.
1352 ||| READING scroll of teleportation.
As you read the scroll of teleportation, it crumbles to dust.
You feel strangely unstable. Ijyb hits you but does no damage.
You shoot an arrow. The arrow hits Ijyb.
Ijyb is heavily wounded.
Ijyb drinks a potion.
Ijyb is healed!
The orc wizard casts a spell at you. You resist with some effort.
You shoot an arrow. The arrow hits Ijyb!
Ijyb is severely wounded.
Ijyb hits you with a +0 club.
You die...

..# #.# ..# #.# .#
..####### #.# .#
......... #.# .#
.######## #.# .# .#
#.# .#
.############.# .#
..............###g#
##########...g.o@.#
##########..#.#####
....).).%)..#.#
######.####.#.# #.#
#.#.# #.# #.#># #.#
#.#.# ... ..#.# ..#
.#


You could see Ijyb, an orc wizard and a hobgoblin.

Vanquished Creatures
  Robin (D:3)
  2 adders
  A dart slug (D:1)
  5 bats
  3 endoplasms
  A giant cockroach (D:1)
  8 goblins
  8 hobgoblins
  4 quokkas
  7 ball pythons
  15 frilled lizards
  6 kobolds
  4 rats
65 creatures vanquished.

Notes
Turn   | Place    | Note
-------+----------+-------------------------------------------
     0 | D:1      | qw the Deep Elf Hunter began the quest for the Orb.
     0 | D:1      | Reached XP level 1. HP: 12/12 MP: 3/3
     0 | D:1      | 0 ||| qw: Version: 0.3-a-22-g0ed2b0b
     0 | D:1      | 0 ||| qw: Game counter: 5384
     0 | D:1      | 0 ||| qw: Melee chars always use a shield: true
     0 | D:1      | 0 ||| qw: God list: Okawaru
     0 | D:1      | 0 ||| qw: Allow faded altars: false
     0 | D:1      | 0 ||| qw: Do Orc after clearing Dungeon:15 true
     0 | D:1      | 0 ||| qw: Do second Lair branch before Depths: true
     0 | D:1      | 0 ||| qw: Lair rune preference: random
     0 | D:1      | 0 ||| qw: Goals: Normal
     0 | D:1      | 0 ||| PLANNING D:1-11
    51 | D:1      | 51 ||| FLEEEEING.
    66 | D:1      | Reached XP level 2. HP: 16/16 MP: 4/4
    83 | D:1      | Reached skill level 6 in Ranged Weapons
   312 | D:1      | Reached XP level 3. HP: 20/20 MP: 5/5
   478 | D:1      | 478 ||| UPGRADING to +0 scale mail.
   488 | D:1      | 488 ||| DROPPING +0 leather armour.
   489 | D:1      | 489 ||| UPGRADING to +0 pair of boots.
   494 | D:1      | 494 ||| UPGRADING to ring of protection from fire.
   495 | D:1      | 495 ||| READING scroll labelled PAPNEU OTIDU.
   499 | D:1      | 499 ||| DROPPING scroll of butterflies.
   617 | D:2      | Reached skill level 7 in Ranged Weapons
  1073 | D:2      | 1073 ||| UPGRADING to +0 ring mail.
  1083 | D:2      | 1083 ||| DROPPING +0 scale mail.
  1084 | D:2      | 1084 ||| UPGRADING to +6 ring of dexterity.
  1085 | D:2      | 1085 ||| READING scroll labelled APICYDD RELIANT.
  1086 | D:2      | 1086 ||| READING scroll labelled YTTYUH CICKOS.
  1087 | D:2      | 1087 ||| READING scroll labelled CUPLE JEUXTOSS.
  1088 | D:2      | 1088 ||| READING scroll labelled LOUPPERPH PELO.
  1089 | D:2      | 1089 ||| READING scroll labelled DUXAUV URUPH.
  1277 | D:3      | Reached XP level 4. HP: 21/25 MP: 6/6
  1319 | D:3      | Noticed Robin
  1324 | D:3      | Killed Robin
  1341 | D:3      | Noticed Ijyb
  1351 | D:3      | HP: 4/25 [orc wizard/magic dart (6)]
  1352 | D:3      | 1352 ||| READING scroll of teleportation.
  1354 | D:3      | Slain by Ijyb

Levels and vault maps discovered:
D:1:      dpeg_arrival_fog, layout_rooms, serial_bayou_pond_c,
          hangedman_decor_clover_reticule, minmay_lizard_pond
D:2:      layout_basic
D:3:      layout_loops_ring, mainiacjoe_overflow_paths, uniq_crazy_yiuf_cottage,
          uniq_robin, uniq_ijyb

Skill      XL: |  1  2  3 |
---------------+----------+-----
Ranged Weapons | 6 7 |  7.8
Fighting       | |  1.5
Dodging        | |  2.4
Stealth        | |  1.2

Action                     |  1- 3 |  4- 6 || total
---------------------------+-------+-------++-------
   Fire: Shortbow          |   137 |    23 ||   160
    Use: Scroll            |     6 |     1 ||     7
 Armour: Leather armour    |     2 |       ||     2
         Scale mail        |    14 |       ||    14
         Ring mail         |     3 |     5 ||     8
  Dodge: Dodged            |    23 |     4 ||    27

Table legend:
 A = Non-vault XP
 B = Vault XP
 C = Vault XP percentage of total XP
 D = Non-vault monster count
 E = Vault monster count
 F = Vault count percentage of total count
                 A         B        C        D         E       F
            +---------+---------+-------+---------+---------+-------
      Total |     102 |      32 |  23.9 |      51 |      14 |  21.5
            +---------+---------+-------+---------+---------+-------
        D:1 |      45 |       7 |  13.5 |      28 |       7 |  20.0
        D:2 |      40 |       0 |   0.0 |      18 |       0 |   0.0
        D:3 |      17 |      25 |  59.5 |       5 |       7 |  58.3
            +---------+---------+-------+---------+---------+-------
